AoeStats
← RJoker89

Arena

504801450Analyzed
2v2 RM · 27d ago on Sep 6, 2026· 48m 22s· 4 players
Game mode
Random Map
Map size
Medium (4 player)
Population
200
Speed
Normal
Resources
Standard
Victory
Conquest
Starting age
Dark Age
Ending age
Imperial Age
RankedLock teamsTeams togetherTeam positionsShared explorationLock speedFull tech treeHidden civsTurbo modeCheats
Victory
Defeat
🇧🇷 Franks · Brazil
792
+16
🇦🇺 Bohemians · Australia
717
+19
🇬🇧 Ethiopians · United Kingdom
802
-18
🇪🇸 Burgundians · Spain
772
-17
ItsViral3161
10:08 Feudal Age
10:38 Feudal Age
8:54 Loom
16:05 Castle Age
13:54 Double-Bit Axe
15:17 Wheelbarrow
17:52 Bow Saw
30:22 Horse Collar
35:05 Heavy Plow
37:54 Coinage
37:19 Pikeman
39:10 Chemistry
41:02 Padded Archer Armor
40:54 Fletching
41:05 Scale Mail Armor
41:22 Forging
41:17 Caravan
44:34 Imperial Age
42:33 Scale Barding Armor
42:45 Forging
42:56 Hand Cart
43:27 Town Watch
44:38 Wagenburg Tactics
46:15 Two-Man Saw
46:07 Conscription
46:03 Murder Holes
46:19 Masonry
duduasz
0:28 Loom
11:46 Feudal Age
12:39 Town Watch
12:42 Double-Bit Axe
14:07 Wheelbarrow
17:25 Gold Mining
20:44 Castle Age
18:49 Stone Mining
20:32 Fletching
20:53 Forging
21:12 Pikeman
22:49 Squires
23:58 Bow Saw
23:47 Bodkin Arrow
27:21 Husbandry
29:45 Hand Cart
31:07 Caravan
31:38 Coinage
32:33 Gold Shaft Mining
33:42 #83
36:38 Imperial Age
35:27 Gambesons
36:02 Murder Holes
36:27 Ballistics
36:46 Scale Barding Armor
38:27 Chemistry
36:59 Cavalier
39:51 Siege Engineers
39:57 Masonry
40:11 Chain Barding Armor
41:22 Chivalry
43:24 Paladin
47:54 Hoardings
47:54 Elite Throwing Axeman
Sidnarref
11:27 Feudal Age
12:03 Double-Bit Axe
12:01 Horse Collar
13:07 Wheelbarrow
12:19 Loom
16:32 Castle Age
15:32 Stone Mining
15:37 Gold Mining
16:35 Forging
16:30 Scale Barding Armor
18:37 Gold Shaft Mining
19:21 Bow Saw
20:53 Husbandry
20:13 Light Cavalry
20:20 Light Cavalry
27:24 Heavy Plow
28:30 Thumb Ring
30:01 Crossbowman
31:21 Iron Casting
30:46 Scale Mail Armor
31:30 Squires
36:29 Imperial Age
34:16 Hand Cart
34:14 Fletching
34:24 Padded Archer Armor
35:29 Stone Shaft Mining
35:31 Fortified Wall
36:09 Town Watch
37:36 Conscription
37:22 Town Patrol
37:29 Bodkin Arrow
37:49 Leather Archer Armor
39:02 Two-Man Saw
38:18 Caravan
40:10 Ballistics
40:51 Chemistry
41:19 Hussar
42:58 Halberdier
44:02 Arbalester
44:42 Arbalester
RJoker89
6:01 Loom
9:44 Double-Bit Axe
12:00 Feudal Age
14:42 Horse Collar
19:53 Castle Age
19:47 Bow Saw
19:39 Heavy Plow
28:39 Murder Holes
29:31 Ballistics
32:18 Stone Mining
32:19 Gold Mining
34:36 Two-Man Saw
36:37 Cavalier
40:18 Imperial Age
39:38 Elite Skirmisher
41:55 Crop Rotation
43:24 Husbandry
Connection lost

Rejoining the realm…

Still unreachable

The connection could not be restored.

Session expired

The server has moved on; the page needs a fresh start.